 Dungeon Crawl Stone Soup version 0.31-a0-1009-g454b1f1e0a (webtiles) character file.

Game seed: 13553622039946767344

92 zero the Gusty (level 4, -2/24 HPs)
             Began as a Deep Elf Air Elementalist on Nov 13, 2023.
             Succumbed to a kobold brigand's curare-tipped dart
             ... on level 3 of the Dungeon.
             The game lasted 00:03:19 (2345 turns).

zero the Gusty (Deep Elf Air Elementalist)          Turns: 2345, Time: 00:03:20

Health: -2/24      AC:  2    Str:  5    XL:     4   Next: 35%
Magic:  8/11       EV: 13    Int: 22    God:
Gold:   84         SH:  0    Dex: 15    Spells: 2/10 levels left

rFire   . . .        p - staff of air
rCold   . . .        (no shield)
rNeg    . . .        a - +0 robe
rPois   .            (no helmet)
rElec   +            (no cloak)
rCorr   .            (no gloves)
SInv    .            (no boots)
Will    .....        (no amulet)
Stlth   ++           n - ring of wizardry
HPRegen 0.24/turn    (no ring)
MPRegen 0.12/turn

%: wizardry (x1)
@: lethally poisoned (-2 -> -15)
A: no striking features
a: no special abilities


You were on level 3 of the Dungeon.
You visited 1 branch of the dungeon, and saw 3 of its levels.

You collected 84 gold pieces.

Inventory:

Hand Weapons
 l - a +0 rapier
Missiles
 r - 4 javelins
Armour
 a - a +0 robe (worn)
Magical Staves
 p - a staff of air (weapon)
Jewellery
 n - a ring of wizardry (left hand)
Wands
 q - a wand of flame (11)
Scrolls
 c - a scroll of acquirement {unknown}
 d - 2 scrolls of identify {unknown}
 e - a scroll of silence {unknown}
 g - a scroll of fear {unknown}
 h - a scroll of enchant weapon {unknown}
 i - 2 scrolls of fog {unknown}
 k - 2 scrolls of poison {unknown}
 m - a scroll of enchant armour {unknown}
 s - a scroll of blinking {unknown}
Potions
 b - a potion of magic
 j - a potion of ambrosia {unknown}
 o - a potion of curing {unknown}


   Skills:
 * Level 0.9 Fighting
 + Level 0.5 Short Blades
 + Level 2.7 Dodging
 + Level 2.8 Stealth
 * Level 3.6 Spellcasting
 - Level 1.1 Conjurations
 + Level 4.3 Air Magic


You had 2 spell levels left.
You knew the following spells:

 Your Spells              Type           Power      Damage    Failure   Level
a - Shock                 Conj/Air       96%        1d9       1%          1
b - Swiftness             Air            34%        N/A       2%          3
c - Airstrike             Air            17%        2d(3-19)  8%          4

Your spell library contained the following spells:

 Spells                   Type           Power      Damage    Failure   Level
 Static Discharge         Conj/Air       48%        3-5/arc   2%          2
 Hailstorm                Conj/Ice       6%         3d4       12%         3
 Summon Ice Beast         Ice/Summ       3%         N/A       41%         4
 Simulacrum               Ice/Necr       1%         N/A       99%         6


Dungeon Overview and Level Annotations

Branches:
Dungeon (3/15)

Altars:

Annotations:
D:3 1 runed translucent door, Stil's ghost, amateur OpCj


Message History

A kobold brigand is nearby!
You feel a surge of power!
The zap hits the kobold brigand.
The kobold brigand is moderately wounded.
A kobold brigand comes into view.
It is wielding a +0 club and quivering curare-tipped darts.
The kobold brigand throws a curare-tipped dart.
The curare-tipped dart misses you.
There are monsters nearby!
You feel a surge of power!
The zap hits the kobold brigand.
The kobold brigand is moderately wounded.
The kobold brigand shouts!
The kobold brigand throws a curare-tipped dart.
The curare-tipped dart barely misses you.
The kobold brigand throws a curare-tipped dart.
The curare-tipped dart closely misses you.
You feel a surge of power!
The zap hits the kobold brigand but does no damage.
The kobold brigand is moderately wounded.
The kobold brigand throws a curare-tipped dart.
The curare-tipped dart closely misses you.
The kobold brigand throws a curare-tipped dart.
The curare-tipped dart hits you.
You are poisoned.
You have difficulty breathing.
You feel yourself slow down.
You feel very sick.
The kobold brigand throws a curare-tipped dart.
The curare-tipped dart closely misses you.
You feel very sick.
You feel sick.
You feel sick.
The kobold brigand throws a curare-tipped dart.
The curare-tipped dart hits you.
You are lethally poisoned!
You have difficulty breathing.
* * * LOW HITPOINT WARNING * * *
You feel as though you will be slow longer.
It was a potion of cancellation.
Your magical effects are unravelling.
You feel magically purged.
You feel yourself speed up.
You die...

##..#
#.'...'.....#....>####.#
####
#.#...#######........#..
#.##### ########.#.. #.#
#.#.. ######.# #.#..
#..)...# #.'[.
###.######### ###..
#...###...).### #..
#.#.)..).))..@###### #..
#.#.)..#####.......###..K
###
#...####≈~≈###......K.K.#
##### ~~≈≈~~~######.K.###
#~~~~~~~~ ### ###~~~####
#####


You could see 2 kobold brigands.

Vanquished Creatures
  4 adders
  2 dart slugs (D:3)
  2 ball pythons (D:2)
  4 bats
  7 endoplasms
  A giant cockroach (D:2)
  8 goblins
  6 hobgoblins
  A quokka (D:1)
  4 frilled lizards
  7 kobolds (D:3)
  2 rats (D:1)
48 creatures vanquished.

Notes
Turn   | Place    | Note
-------+----------+-------------------------------------------
     0 | D:1      | zero the Deep Elf Air Elementalist began the quest for the
                  | Orb.
     0 | D:1      | Reached XP level 1. HP: 10/10 MP: 6/6
   415 | D:1      | Reached XP level 2. HP: 15/15 MP: 2/8
   931 | D:2      | Reached skill level 4 in Air Magic
   978 | D:2      | Reached XP level 3. HP: 19/19 MP: 3/9
   982 | D:2      | Learned a level 3 spell: Swiftness
  1089 | D:2      | Found a faded altar of an unknown god.
  1781 | D:3      | Reached XP level 4. HP: 14/24 MP: 1/11
  1968 | D:3      | Learned a level 4 spell: Airstrike
  2032 | D:3      | Found a runed translucent door.
  2294 | D:3      | Noticed Stil's ghost (amateur OpCj)
  2336 | D:3      | Noticed a kobold brigand
  2338 | D:3      | Noticed a kobold brigand
  2344 | D:3      | HP: 1/24 [asphyx]
  2345 | D:3      | Succumbed to a kobold brigand's curare-tipped dart

Illustrated notes

Levels and vault maps discovered:
D:1:      minmay_arrival_loop, layout_basic
D:2:      layout_rooms, nicolae_ecumenical_pavilion, minmay_misc_feat_alley
D:3:      cheibrodos_thug_alley, layout_basic, ebering_ghost_sewer_d

Skill      XL: |  1  2 |
---------------+-------+-----
Air Magic      | 4 |  4.3
Fighting       | |  0.9
Short Blades   | |  0.5
Dodging        | |  2.7
Stealth        | |  2.8
Spellcasting   | |  3.6
Conjurations   | |  1.1

Action                     |  1- 3 |  4- 6 || total
---------------------------+-------+-------++-------
  Melee: Rapier            |     7 |       ||     7
   Cast: Shock             |    77 |    30 ||   107
    Use: Potion            |       |     1 ||     1
 Armour: Robe              |    14 |     2 ||    16
  Dodge: Dodged            |    20 |     5 ||    25

Table legend: (Time is in decaauts)
 A = Elapsed time spent in this place.
 B = Non-inter-level travel time spent in this place.
 C = Inter-level travel time spent in this place.
 D = Time resting spent in this place.
 E = Time spent auto-exploring this place.
 F = Levels seen in this place.
 G = Mean time per level.
                   A        B        C        D        E       F      G
               +--------+--------+--------+--------+--------+-----+--------+
         Total |   2345 |   2303 |     42 |    135 |   1891 |   3 |  781.7 |
       Dungeon |   2345 |   2303 |     42 |    135 |   1891 |   3 |  781.7 |
               +--------+--------+--------+--------+--------+-----+--------+

Top non-repeatable levels by time:
     D:1: 916 daAuts
     D:3: 808 daAuts
     D:2: 620 daAuts
